 Dungeon Crawl Stone Soup version 0.30-a0-311-gf115ab0292 (webtiles) character file.

Game seed: 9552231166990780550

4 scionoferis the Charlatan (level 1, -1/9 HPs)
             Began as a Spriggan Artificer on Oct 26, 2022.
             Slain by a kobold
             ... wielding a +0 whip
              (5 damage)
             ... on level 1 of the Dungeon.
             The game lasted 00:01:13 (332 turns).

scionoferis the Charlatan (Spriggan Artificer)       Turns: 332, Time: 00:01:13

Health: -1/9       AC:  2    Str:  8    XL:     1   Next: 58%
Magic:  2/2        EV: 17    Int: 12    God:
Gold:   0          SH:  0    Dex: 15    Spells: 0/0 levels left

rFire   . . .      SeeInvis +    a - +0 dagger
rCold   . . .      Faith    .    (no shield)
rNeg    . . .      Spirit   .    b - +0 robe
rPois   .          Reflect  .    (helmet restricted)
rElec   .          Harm     .    (no cloak)
rCorr   .          Rampage  .    (gloves unavailable)
Will    .....                    (boots unavailable)
Stlth   ++........               (no amulet)
HPRegen 0.21/turn                (no ring)
MPRegen 0.08/turn                (no ring)

@: very quick
A: very small, no large weapons, unfitting armour, see invisible, speed 3
a: no special abilities


You were on level 1 of the Dungeon.
You visited 1 branch of the dungeon, and saw 1 of its levels.

Inventory:

Hand Weapons
 a - a +0 dagger (weapon)
 f - a +0 club
Armour
 b - a +0 robe (worn)
Wands
 c - a wand of flame (14) (quivered)
 d - a wand of charming (14)
 e - a wand of iceblast (5)
Scrolls
 g - a scroll of teleportation {unknown}


   Skills:
 + Level 0.9 Fighting
 * Level 0.1 Short Blades
 + Level 3.3 Dodging
 + Level 1.8 Stealth
 + Level 4.1 Evocations


You couldn't memorise any spells.
You didn't know any spells.
Your spell library contained the following spells:

 Spells                   Type           Power      Damage    Failure   Level
 Inner Flame              Hex/Fire       0%         N/A       69%         3
 Flame Wave               Conj/Fire      0%         2d4       97%         4
 Sticky Flame             Conj/Fire      0%         2d3       97%         4


Dungeon Overview and Level Annotations

Branches:
Dungeon (1/15)

Altars:

Shops:
D:1 [


Innate Abilities, Weirdness & Mutations

You are very small and have problems with some larger weapons.
You are too small for most types of armour.
You have supernaturally acute eyesight. (SInv)
You cover ground extremely quickly. (Speed+++)


Message History

Things that are here:
a +0 dagger; a kobold corpse
Things that are here:
a +0 dagger; a goblin corpse
f - a +0 dagger Adjust to which letter? (? for menu, Esc to quit)
a - a +0 dagger;
f - a +0 club (weapon)
a - a +0 dagger (weapon)
Found a scroll labelled BOROTW JIWUORPH.
You completely miss the rat. The rat bites you but does no damage.
You closely miss the rat. The rat misses you.
You hit the rat but do no damage. The rat completely misses you.
You hit the rat.
You kill the rat!
No target in view!
g - a scroll labelled BOROTW JIWUORPH
Found a stone staircase leading down.
A rat comes into view.
Found three items.
A rat is nearby!
Found 3 gold pieces.
Found a sling.
A kobold comes into view. It is wielding a +0 whip.
The kobold shouts!
You hit the rat but do no damage. The rat barely misses you.
You completely miss the rat. The rat misses you.
You hit the rat.
The rat is moderately wounded.
The rat completely misses you.
You hit the rat.
You kill the rat!
You barely miss the kobold. The kobold misses you.
You hit the kobold but do no damage. The kobold completely misses you.
You barely miss the kobold. The kobold hits you with a +0 whip.
Ouch! That really hurt!
You hit the kobold.
The kobold is moderately wounded.
The kobold hits you with a +0 whip.
Ouch! That really hurt!
You die...

#.##.##..## ##.......^#
#.##.....# #.##.##.##
#....##..# ##....##.######
#.##.##.#.###..#####......#
#.##.##.##.....#####..#####
#.......##............#
##########.#####.#.##.# #
#.#.b.#...##.# #
#.#P.P#@####.# #
#.#.P.#K####.. #
#.#####...#### #
#.......#.# # .........#.#
# .!.......... #
.$...:.>.#.## #
#....$####.# # #....) #


You could see a kobold.

Vanquished Creatures
  A giant cockroach (D:1)
  A goblin (D:1)
  2 rats (D:1)
4 creatures vanquished.

Vanquished Creatures (others)
  A kobold (D:1)
1 creature vanquished.

Grand Total: 5 creatures vanquished

Notes
Turn   | Place    | Note
-------+----------+-------------------------------------------
     0 | D:1      | scionoferis the Spriggan Artificer began the quest for the
                  | Orb.
     0 | D:1      | Reached XP level 1. HP: 9/9 MP: 2/2
    78 | D:1      | Found Zerigiz's Antique Armour Boutique.
   332 | D:1      | Slain by a kobold

Illustrated notes

Levels and vault maps discovered:
D:1:      matt_arrival_spirals, layout_loops_cross, serial_shops,
          nicolae_shop_trees, serial_aquarium, aquarium_bridge_long_joined
          [aquarium_subvault_wall, aquarium_subvault_window,
          aquarium_subvault_balcony, aquarium_subvault_bridge,
          aquarium_subvault_window, aquarium_subvault_bridge],
          aquarium_window_fake, aquarium_window_fake,
          aquarium_window_corridor_1, aquarium_window_fake, aquarium_view_2d,
          aquarium_balcony_double_3, aquarium_pool_1

Action                   || total
-------------------------++-------
Melee: Dagger            ||    12
       Club              ||     8
Evoke: Wand              ||     2
Armor: Robe              ||     2
Dodge: Dodged            ||    12

Table legend: (Time is in decaauts)
 A = Elapsed time spent in this place.
 B = Non-inter-level travel time spent in this place.
 C = Inter-level travel time spent in this place.
 D = Time resting spent in this place.
 E = Time spent auto-exploring this place.
 F = Levels seen in this place.
 G = Mean time per level.
                   A        B        C        D        E       F      G
               +--------+--------+--------+--------+--------+-----+--------+
         Total |    227 |    227 |      0 |     29 |    142 |   1 |  227.0 |
       Dungeon |    227 |    227 |      0 |     29 |    142 |   1 |  227.0 |
               +--------+--------+--------+--------+--------+-----+--------+

Top non-repeatable levels by time:
     D:1: 227 daAuts
